 Dungeon Crawl Stone Soup version 0.31-a0-229-g1fc7ce93e2 (webtiles) character file.

Game seed: 15942054668230685677

5725 Maxmaps the Spear-Bearer (level 10, -2/79 HPs)
             Began as a Gnoll Reaver on July 6, 2023.
             Was an Initiate of the Shining One.
             Slain by a two-headed ogre
             ... wielding a +0 giant club
              (18 damage)
             ... on level 10 of the Dungeon.
             The game lasted 00:08:43 (8746 turns).

Maxmaps the Spear-Bearer (Gnoll Reaver)             Turns: 8746, Time: 00:08:45

Health: -2/79      AC: 11    Str: 19    XL:     10   Next: 77%
Magic:  21/21      EV:  9    Int: 16    God:    the Shining One [......]
Gold:   457        SH:  9    Dex: 10    Spells: 23/24 levels left

rFire   . . .        l - +10 trident of Tartarus {elec, rElec rC+ rCorr}
rCold   + . .        w - +0 kite shield
rNeg    . . .        j - +0 chain mail
rPois   +            (no helmet)
rElec   +            (no cloak)
rCorr   +            B - +0 pair of gloves
SInv    .            (no boots)
Will    .....        (no amulet) Stlth
                     k - +6 ring of strength
HPRegen 0.33/turn    o - ring of poison resistance
MPRegen 0.17/turn

%: no passive effects
@: glowing
A: fangs 1, strong nose, distributed training
a: Renounce Religion


You were on level 10 of the Dungeon.
You worshipped the Shining One.
The Shining One was noncommittal.
You visited 2 branches of the dungeon, and saw 11 of its levels.
You also visited: Ossuary.

You collected 723 gold pieces.
You spent 266 gold pieces at shops.

Inventory:

Hand Weapons
 a - a +0 spear
 l - the +10 trident of Tartarus (weapon) {elec, rElec rC+ rCorr}
   (You found it on level 2 of the Dungeon)

   rC:        It protects you from cold.
   rElec:     It insulates you from electricity.
   rCorr:     It protects you from acid and corrosion.
Armour
 b - a +0 leather armour
 j - a +0 chain mail (worn)
 w - a +0 kite shield (worn)
 B - a +0 pair of gloves (worn)
Jewellery
 k - a +6 ring of strength (left hand)
 o - a ring of poison resistance (right hand)
 L - a +4 ring of protection
 M - a ring of positive energy
Wands
 s - a wand of paralysis (14)
 y - a wand of flame (22)
 C - a wand of mindburst (13)
 I - a wand of roots (8)
Scrolls
 e - 2 scrolls of torment {unknown}
 g - 3 scrolls of revelation {unknown}
 m - 3 scrolls of teleportation {unknown}
 n - a scroll of silence {unknown}
 q - a scroll of noise {unknown}
 v - 2 scrolls of fear
 x - 3 scrolls of immolation {unknown}
 z - 3 scrolls of fog {unknown}
 A - 2 scrolls of enchant weapon {unknown}
 E - a scroll of brand weapon {unknown}
 F - 2 scrolls of acquirement {unknown}
 G - a scroll of enchant armour {unknown}
 J - a scroll of vulnerability {unknown}
Potions
 c - a potion of enlightenment
 d - 2 potions of invisibility
 f - a potion of heal wounds
 h - 4 potions of attraction
 i - 3 potions of mutation
 p - 2 potions of magic
 r - 3 potions of might
 t - 5 potions of curing
 u - 2 potions of resistance
 D - a potion of lignification
 H - a potion of berserk rage
 K - a potion of brilliance {unknown}


   Skills:
 + Level 7.5 Fighting
 + Level 5.8 Short Blades
 + Level 5.8 Long Blades
 + Level 5.8 Axes
 + Level 5.8 Maces & Flails
 + Level 8.8 Polearms
 + Level 5.8 Staves
 + Level 5.8 Ranged Weapons
 + Level 5.8 Throwing
 + Level 5.8 Armour
 + Level 7.5 Dodging
 + Level 5.8 Stealth
 + Level 5.8 Shields
 + Level 5.8 Unarmed Combat
 + Level 7.7 Spellcasting
 + Level 7.3 Conjurations
 + Level 4.8 Hexes
 + Level 4.8 Summonings
 + Level 4.8 Necromancy
 + Level 4.8 Translocations
 + Level 4.8 Transmutations
 + Level 4.8 Fire Magic
 + Level 4.8 Ice Magic
 + Level 4.8 Air Magic
 + Level 4.8 Earth Magic
 + Level 4.8 Poison Magic
 + Level 6.3 Invocations
 + Level 5.8 Evocations


You had 23 spell levels left.
You knew the following spells:

 Your Spells              Type           Power      Damage    Failure   Level
a - Kiss of Death         Conj/Necr      100%       2d13      16%         1

Your spell library contained the following spells:

 Spells                   Type           Power      Damage    Failure   Level
 Magic Dart               Conj           100%       1d8       10%         1
 Searing Ray              Conj           58%        2d6       14%         2
 Momentum Strike          Conj/Tloc      50%        3d9       24%         2
 Hailstorm                Conj/Ice       25%        3d7       43%         3
 Fulminant Prism          Conj/Hex       12%        3d8       85%         4
 Cause Fear               Hex            10%        N/A       95%         4
 Dragon Form              Tmut           10%        N/A       100%        7
 Dragon's Call            Summ           10%        N/A       100%        9


Dungeon Overview and Level Annotations

Branches:
Dungeon (10/15)            Temple (1/1) D:7            Lair (0/5) D:10
Ossuary (visited)
    Orc: D:9-12

Altars:
Ashenzari
Cheibriados
Dithmenos
Elyvilon
Fedhas
Gozag
Hepliaklqana
Kikubaaqudgha
Makhleb
Nemelex Xobeh
Okawaru
Qazlal
Ru
Sif Muna
Trog
Uskayaw
Vehumet
Wu Jian
Xom
Yredelemnul
Zin
The Shining One

Shops:
D:5 ?   D:8 ![[!=

Annotations:
D:5 1 runed translucent door, 7w4c's ghost, novice HuIE
D:6 2 transporters
D:9 2 runed translucent doors


Innate Abilities, Weirdness & Mutations

You have very sharp teeth.
Your uncanny sense of smell can sniff out nearby items.
Your experience applies equally to all skills.


Message History

The yak is heavily wounded.
You puncture the yak! Lightning courses through the yak!!
You kill the yak!
A two-headed ogre comes into view. It is wielding two +0 giant clubs.
Found 9 gold pieces.
You see here a yak corpse.
You hit the yak.
The yak is lightly wounded.
The yak snorts and paws the ground.
The yak gores you but does no damage.
You puncture the yak!
The yak is moderately wounded.
You hit the yak.
The yak is heavily wounded.
You block the yak's attack. The yak gores you but does no damage.
You hit the yak. Lightning courses through the yak!
The yak is almost dead.
The yak closely misses you. You block the yak's attack.
You puncture the yak! Lightning courses through the yak!
You kill the yak!
The yak gores you.
The two-headed ogre hits you with a +0 giant club!!
You block the two-headed ogre's attack.
You puncture the two-headed ogre!
You bite the two-headed ogre, but do no damage.
The two-headed ogre is lightly wounded.
The yak barely misses you.
You puncture the two-headed ogre!
The two-headed ogre is heavily wounded.
You block the yak's attack.
The two-headed ogre hits you with a +0 giant club! x2
You are too injured to fight recklessly!
You are too injured to fight recklessly!
You puncture the two-headed ogre!
The two-headed ogre is severely wounded.
The yak gores you.
The two-headed ogre hits you with a +0 giant club!!
* * * LOW HITPOINT WARNING * * *
The two-headed ogre hits you with a +0 giant club!!
You die...

...... ......
#...............
...♣.....>......
.#...P....♣P.....
....P...P....P..
.........P.....$
###+....YPO.?.P..
#....P...@....P..
#......P..P....#.
#.........P...##
#..........$#.#
#..†....#.### #
#.#.÷†......#
#.###'#######
#.###)#......
##...#........


You could see a two-headed ogre and a yak.

Vanquished Creatures
  Joseph (D:8)
  5 wyverns (D:10)
  7 yaks
  A shadow (D:9)
  A steam dragon (D:9)
  Edmund (D:4)
  3 water moccasins
  2 acid dragons (D:9)
  An ice beast (D:5)
  An orc warrior (D:5)
  3 centaurs
  An ogre (D:6)
  2 phantoms
  Blork the orc (D:5)
  5 bullfrogs
  2 elf zombies (Ossuary)
  A scorpion (D:4)
  2 gnoll sergeants
  6 howler monkeys
  2 jellies (D:4)
  A centaur zombie (Ossuary)
  3 hounds
  2 human zombies (Ossuary)
  3 orc priests
  2 gnoll boudas
  A sleepcap (D:6)
  Ijyb (D:3)
  2 iguanas
  Natasha (twice) (D:4)
  4 orc wizards
  2 mummies (Ossuary)
  Robin (D:3)
  24 gnolls
  9 adders
  An ufetubus (D:7)
  A worm (D:3)
  24 orcs
  10 endoplasms
  A giant cockroach (D:1)
  10 goblins
  13 hobgoblins
  6 jackals
  2 quokkas
  8 ball pythons
  8 bats
  6 frilled lizards
  3 goblin zombies (Ossuary)
  13 hobgoblin zombies (Ossuary)
  4 kobolds
  6 kobold zombies (Ossuary)
  10 orc zombies (Ossuary)
  8 rats
  A spectral goblin (D:2)
240 creatures vanquished.

Notes
Turn   | Place    | Note
-------+----------+-------------------------------------------
     0 | D:1      | Maxmaps the Gnoll Reaver began the quest for the Orb.
     0 | D:1      | Reached XP level 1. HP: 20/20 MP: 6/6
     6 | D:1      | Noticed a komodo dragon
     6 | D:1      | Noticed a lindwurm
     6 | D:1      | Noticed a hog
     7 | D:1      | Noticed a water moccasin
     7 | D:1      | Noticed a killer bee
    75 | D:1      | Reached XP level 2. HP: 8/26 MP: 7/7
   222 | D:1      | Reached skill level 5 in Spellcasting
   222 | D:1      | Reached XP level 3. HP: 29/31 MP: 7/9
   586 | D:1      | Reached skill level 1 in Invocations
   882 | D:2      | Reached skill level 1 in Short Blades
   882 | D:2      | Reached skill level 1 in Long Blades
   882 | D:2      | Reached skill level 1 in Axes
   882 | D:2      | Reached skill level 1 in Maces & Flails
   882 | D:2      | Reached skill level 1 in Staves
   882 | D:2      | Reached skill level 1 in Ranged Weapons
   882 | D:2      | Reached skill level 1 in Throwing
   882 | D:2      | Reached skill level 1 in Armour
   882 | D:2      | Reached skill level 1 in Stealth
   882 | D:2      | Reached skill level 1 in Shields
   882 | D:2      | Reached skill level 1 in Unarmed Combat
   882 | D:2      | Reached skill level 1 in Evocations
   912 | D:2      | Identified the +10 trident of Tartarus {elec, rElec rC+
                  | rCorr}
   993 | D:2      | Reached XP level 4. HP: 38/38 MP: 11/11
  1462 | D:2      | Reached skill level 1 in Hexes
  1462 | D:2      | Reached skill level 1 in Summonings
  1462 | D:2      | Reached skill level 1 in Necromancy
  1462 | D:2      | Reached skill level 1 in Translocations
  1462 | D:2      | Reached skill level 1 in Transmutations
  1462 | D:2      | Reached skill level 1 in Fire Magic
  1462 | D:2      | Reached skill level 1 in Ice Magic
  1462 | D:2      | Reached skill level 1 in Air Magic
  1462 | D:2      | Reached skill level 1 in Earth Magic
  1462 | D:2      | Reached skill level 1 in Poison Magic
  1557 | D:2      | Found a faded altar of an unknown god.
  1823 | D:2      | Reached XP level 5. HP: 43/43 MP: 12/12
  2174 | D:3      | Noticed Ijyb
  2182 | D:3      | Killed Ijyb
  2196 | D:3      | Noticed Robin
  2205 | D:3      | Killed Robin
  2219 | D:3      | Found a hide-covered altar of Uskayaw.
  2222 | D:3      | Found a basalt altar of Yredelemnul.
  2224 | D:3      | Identified the +3 short sword of Daixojaqil {spect, Will+
                  | Int-2 Dex+2}
  2385 | D:3      | Identified the +0 robe "Empu" {rPois rCorr MP-9 Dex-2}
  2437 | D:3      | Reached XP level 6. HP: 50/50 MP: 13/13
  2943 | D:4      | Reached skill level 5 in Fighting
  2943 | D:4      | Reached skill level 5 in Dodging
  3130 | D:4      | Noticed Edmund
  3137 | D:4      | Killed Edmund
  3138 | D:4      | Reached skill level 7 in Polearms
  3138 | D:4      | Reached XP level 7. HP: 44/56 MP: 15/15
  3327 | D:4      | Found a sand-covered staircase.
  3396 | Ossuary  | Entered an ossuary
  3648 | D:4      | Reached XP level 8. HP: 63/63 MP: 16/16
  3670 | D:4      | Noticed Natasha
  3676 | D:4      | Killed Natasha
  3878 | D:4      | Noticed Natasha
  3883 | D:4      | Killed Natasha
  4115 | D:5      | Entered Level 5 of the Dungeon
  4172 | D:5      | Found a runed translucent door.
  4175 | D:5      | Noticed 7w4c's ghost (novice HuIE)
  4215 | D:5      | You fall into a shaft and drop 2 floors!
  4398 | D:6      | Noticed Blork the orc
  4412 | D:6      | Found a transporter.
  4419 | D:5      | Killed Blork the orc
  4633 | D:5      | Found a white marble altar of Elyvilon.
  4752 | D:5      | Found Wiskinkoar's Magic Scroll Shoppe.
  4755 | D:5      | Bought a scroll of fear for 56 gold pieces
  5274 | D:6      | Reached XP level 9. HP: 69/69 MP: 18/18
  5305 | D:6      | Found a transporter.
  5309 | D:6      | Noticed a toenail golem
  6176 | D:7      | Found a staircase to the Ecumenical Temple.
  6556 | Temple   | Entered the Ecumenical Temple
  6787 | Temple   | Became a worshipper of the Shining One
  6959 | D:8      | Reached skill level 8 in Polearms
  7092 | D:8      | Reached skill level 5 in Invocations
  7170 | D:8      | Found Kigegy's Distillery.
  7233 | D:8      | Found Emyczun's Antique Armour Shop.
  7246 | D:8      | Found Kycsef's Antique Armour Emporium.
  7264 | D:8      | Found Karefir's Jewellery Emporium.
  7279 | D:8      | Noticed Joseph
  7292 | D:8      | Killed Joseph
  7592 | D:8      | Found Agiceyvu's Distillery.
  7597 | D:8      | Bought a potion of berserk rage for 70 gold pieces
  7597 | D:8      | Bought a potion of heal wounds for 70 gold pieces
  7597 | D:8      | Bought a potion of heal wounds for 70 gold pieces
  7814 | D:9      | Noticed a fire dragon
  7815 | D:9      | Noticed an ice dragon
  7816 | D:9      | Noticed a fire dragon
  7816 | D:9      | Found the +2 shield of Resistance {rF++ rC++ Will++}
  7816 | D:9      | Noticed an ice dragon
  7817 | D:9      | Found a runed translucent door.
  7817 | D:9      | Found a runed translucent door.
  8019 | D:9      | Reached skill level 5 in Short Blades
  8019 | D:9      | Reached skill level 5 in Long Blades
  8019 | D:9      | Reached skill level 5 in Axes
  8019 | D:9      | Reached skill level 5 in Maces & Flails
  8019 | D:9      | Reached skill level 5 in Staves
  8019 | D:9      | Reached skill level 5 in Ranged Weapons
  8019 | D:9      | Reached skill level 5 in Throwing
  8019 | D:9      | Reached skill level 5 in Armour
  8019 | D:9      | Reached skill level 5 in Stealth
  8019 | D:9      | Reached skill level 5 in Shields
  8019 | D:9      | Reached skill level 5 in Unarmed Combat
  8019 | D:9      | Reached skill level 5 in Evocations
  8019 | D:9      | Reached XP level 10. HP: 59/77 MP: 20/20
  8493 | D:10     | Entered Level 10 of the Dungeon
  8543 | D:10     | HP: 3/79 [wyvern (15)]
  8733 | D:10     | Found a staircase to the Lair.
  8737 | D:10     | Noticed a two-headed ogre
  8746 | D:10     | Slain by a two-headed ogre

Illustrated notes

Levels and vault maps discovered:
D:1:      onia_arrival_zoo_common, layout_loops_cross, minmay_fountain_box,
          fountainhead, minmay_heptomino_w4
D:2:      layout_loops_corners, dreamdust_ecumenical_altar_drowned_temple,
          minmay_misc_feat_roman
D:3:      layout_loops_cross, grunt_temple_overflow_open, grunt_ministairs_13,
          nicolae_goblin_pals
D:4:      layout_basic, nicolae_ossuary_entry_monument, minmay_misc_feat_plants,
          uniq_natasha, uniq_edmund
D:5:      layout_cave_pods, elyvilon_altar_4, serial_shops,
          nicolae_shop_rolled_up, ebering_ghost_reflecting_pool
D:6:      layout_cave_pools, gammafunk_ghost_abyssal_escape, uniq_blork_the_orc
D:7:      layout_basic, minmay_temple_entry_grid
D:8:      layout_loops_ring, serial_shops, nicolae_shop_stone,
          nicolae_shop_pleasant_corner_grove, shop, nicolae_shop_trees,
          nicolae_shop_statue_plus, uniq_joseph
D:9:      layout_basic, minmay_curled_crystal, minmay_guarded_unrand_resistance
D:10:     kennysheep_big_flooded_room, layout_basic, minmay_lair_entry_grove,
          serial_shops, shop
Temple:   compressed_dpeg_triangle_lava_temple

Skill      XL: |  1  2  3  4  5  6  7  8  9 10 |
---------------+-------------------------------+-----
Spellcasting   | 5 6 7 |  7.7
Invocations    | 1 2 3 4 5 6 |  6.3
Short Blades   | 1 2 3 5 |  5.8
Long Blades    | 1 2 3 5 |  5.8
Axes           | 1 2 3 5 |  5.8
Maces & Flails | 1 2 3 5 |  5.8
Staves         | 1 2 3 5 |  5.8
Ranged Weapons | 1 2 3 5 |  5.8
Throwing       | 1 2 3 5 |  5.8
Armour         | 1 2 3 5 |  5.8
Stealth        | 1 2 3 5 |  5.8
Shields        | 1 2 3 5 |  5.8
Unarmed Combat | 1 2 3 5 |  5.8
Evocations     | 1 2 3 5 |  5.8
Hexes          | 1 2 3 4 |  4.8
Summonings     | 1 2 3 4 |  4.8
Necromancy     | 1 2 3 4 |  4.8
Translocations | 1 2 3 4 |  4.8
Transmutations | 1 2 3 4 |  4.8
Fire Magic     | 1 2 3 4 |  4.8
Ice Magic      | 1 2 3 4 |  4.8
Air Magic      | 1 2 3 4 |  4.8
Earth Magic    | 1 2 3 4 |  4.8
Poison Magic   | 1 2 3 4 |  4.8
Fighting       | 5 6 7 |  7.5
Dodging        | 5 6 7 |  7.5
Polearms       | 7 8 |  8.8
Conjurations   | 6 7 |  7.3

Action                     |  1- 3 |  4- 6 |  7- 9 | 10-12 || total
---------------------------+-------+-------+-------+-------++-------
  Melee: Spear             |   112 |    23 |       |       ||   135
         Bite              |     8 |     3 |    23 |    11 ||    45
         Trident           |       |   120 |   284 |    73 ||   477
    Use: Scroll            |       |     3 |     7 |       ||    10
         Potion            |       |       |       |     4 ||     4
   Stab: Sleeping          |     1 |       |       |       ||     1
         Distracted        |       |     1 |       |       ||     1
 Armour: Leather armour    |    13 |     1 |       |       ||    14
         Chain mail        |       |    20 |    51 |    27 ||    98
  Dodge: Dodged            |    30 |    26 |    44 |    15 ||   115
  Block: Kite shield       |       |     6 |    58 |    18 ||    82

Table legend: (Time is in decaauts)
 A = Elapsed time spent in this place.
 B = Non-inter-level travel time spent in this place.
 C = Inter-level travel time spent in this place.
 D = Time resting spent in this place.
 E = Time spent auto-exploring this place.
 F = Levels seen in this place.
 G = Mean time per level.
                   A        B        C        D        E       F      G
               +--------+--------+--------+--------+--------+-----+--------+
         Total |   8749 |   8066 |    683 |    524 |   6192 |  12 |  729.1 |
       Dungeon |   8250 |   7588 |    662 |    524 |   5867 |  10 |  825.0 |
        Temple |    244 |    224 |     20 |      0 |    209 |   1 |  244.0 |
       Ossuary |    254 |    254 |      0 |      0 |    116 |   1 |  254.0 |
               +--------+--------+--------+--------+--------+-----+--------+

Top non-repeatable levels by time:
     D:2: 1080 daAuts
     D:4: 1048 daAuts
     D:3: 994 daAuts
     D:1: 973 daAuts
     D:5: 924 daAuts
     D:8: 841 daAuts
     D:9: 826 daAuts
     D:7: 677 daAuts
     D:6: 632 daAuts
 Ossuary: 254 daAuts
    D:10: 252 daAuts
  Temple: 244 daAuts
